 Dungeon Sprint DCSS version 0.17-a0-1311-gbcbd859 (webtiles) character file.

7700000 Kidiri the Invulnerable (level 27, -5/273 HPs)
             Began as a Minotaur Gladiator on June 8, 2015.
             Was the Champion of Makhleb.
             Killed by divine providence
             ... invoked by an accursed
              (14 damage)
             ... in the Dungeon (Sprint VIII: "Arena of Blood").
             The game lasted 00:05:12 (77 turns).

Kidiri the Invulnerable (Minotaur Gladiator)          Turns: 77, Time: 00:05:13

Health: -5/273     AC:  6    Str: 19    XL:     27
Magic:  16/53      EV: 38    Int:  5    God:    Makhleb [******]
Gold:   0          SH:  0    Dex: 25    Spells: 0 memorised, 80 levels left

rFire  . . .     SeeInvis .     l - +∞ Axe of Woe
rCold  . . .     Clarity  .     b - +0 leather armour
rNeg   . . .     SustAt   .     (no shield)
rPois  .         Gourm    .     c - +0 hat
rElec  .         Spirit   .     (no cloak)
rCorr  .         Warding  .     (no gloves)
rMut   .         NoTele   +     (no boots)
MR     ++...                    (no amulet)
Stlth  ++++++++..               (no ring)
                                (no ring)

@: very resistant to hostile enchantments, extraordinarily stealthy
A: retaliatory headbutt, horns 2
a: Minor Destruction, Lesser Servant of Makhleb, Major Destruction, Greater
Servant of Makhleb, Renounce Religion


You were in the Dungeon.
You worshipped Makhleb.
Makhleb was exalted by your worship.
You were not hungry.

You visited 1 branch

Inventory:

Hand weapons
 a - a +0 war axe
 l - the +∞ Axe of Woe (weapon)
   (You found it in the Dungeon)
Missiles
 d - 3 throwing nets (quivered)
Armour
 b - a +0 leather armour (worn)
 c - a +0 hat (worn)
Scrolls
 k - a scroll of blinking
Potions
 f - a potion of curing
 g - a potion of heal wounds
 h - a potion of haste
 i - 2 potions of magic
 j - a potion of berserk rage
Comestibles
 e - a bread ration


   Skills:
 O Level 27 Fighting
 O Level 27 Axes
 O Level 27 Throwing
 O Level 27 Armour
 O Level 27 Dodging
 O Level 27 Stealth
 O Level 27 Unarmed Combat
 O Level 27 Spellcasting
 O Level 27 Invocations


You had 80 spell levels left.
You didn't know any spells.

Dungeon Overview and Level Annotations

Branches:
Dungeon (1/1)

Altars:
Makhleb


Innate Abilities, Weirdness & Mutations

You reflexively headbutt those who attack you in melee.
You have a pair of horns on your head.


Message History

The meat berserker convulses!
The bag of meat convulses!
The meat berserker convulses!
The bag of meat convulses!
The meat berserker convulses!
The bag of meat convulses!
The bag of meat convulses! x2
The accursed moves out of view.
The dread throws hellfire at you.
The hellfire explodes!
The blast of hellfire engulfs you!
* * * LOW HITPOINT WARNING * * *
The blast of hellfire engulfs the bag of meat.
The bag of meat dies!
You hear a shout!
The dread calls on the powers of darkness!
The bag of meat convulses!
The meat berserker convulses!
The meat berserker convulses! x2
Your body is wracked with pain!
* * * LOW HITPOINT WARNING * * *
The bag of meat convulses! x4
The accursed gestures at you while chanting.
Something smites you!
You die...

..O.....%.#.....#.......
.....X#X.o.X%###L......
#.....)L....)..))###..
#....X.O#)..)))))_..%
#..XO.#.)))).)#§))..#
....###.o.oW))..%#_.<._#
...##.).W#W......#..o..#
#........#..%....._...
#....@...........###..
.......)o.....###.... ..
...o..M........ #.......
...W............#.......
..C...o#.o..... .. .
..o...# #.#.... .o....
#W.... ###... #....


You could see an accursed, a tentacled monstrosity, a tyrant, a large bag of
meat (inner flame), 4 large abominations, 5 dreads, 2 meat berserkers and 8 bags
of meat.

Vanquished Creatures
  2 hell beasts (D)
  A greater mummy (D)
  2 wraiths (D)
  12 vampire knights (D)
  12 ogres (D)
  A lich (D)
  51 orcs (D)
  2 hill giants (D)
  5 skeletal warriors (D)
  4 large abominations (D)
  6 small abominations (D)
  5 crawling corpses (D)
103 creatures vanquished.

Vanquished Creatures (others)
  An orc (D)
  2 crawling corpses (D)
3 creatures vanquished.

Grand Total: 106 creatures vanquished

Notes
Turn   | Place    | Note
--------------------------------------------------------------
     0 | D        | Kidiri the Minotaur Gladiator began the quest for the Orb.
     0 | D        | Reached XP level 1. HP: 18/18 MP: 0/0
     3 | D        | Noticed a bag of meat
     3 | D        | Noticed a bag of meat
     4 | D        | Noticed a bag of meat
     4 | D        | Became a worshipper of Makhleb the Destroyer
     5 | D        | Noticed a bag of meat
     5 | D        | Noticed a bag of meat
     6 | D        | Noticed a bag of meat
     6 | D        | Killed a bag of meat
     6 | D        | Reached skill level 16 in Fighting
     6 | D        | Reached skill level 10 in Throwing
     6 | D        | Reached skill level 15 in Dodging
     6 | D        | Reached skill level 10 in Invocations
     6 | D        | Reached XP level 2. HP: 21/49 MP: 0/7
     6 | D        | Reached XP level 3. HP: 24/56 MP: 0/8
     6 | D        | Reached XP level 4. HP: 27/63 MP: 0/10
     6 | D        | Reached XP level 5. HP: 30/70 MP: 0/11
     6 | D        | Reached XP level 6. HP: 33/78 MP: 0/12
     6 | D        | Reached XP level 7. HP: 35/85 MP: 0/13
     6 | D        | Reached XP level 8. HP: 38/93 MP: 0/14
     6 | D        | Reached XP level 9. HP: 40/100 MP: 0/15
     6 | D        | Reached XP level 10. HP: 42/107 MP: 0/16
     6 | D        | Reached XP level 11. HP: 44/114 MP: 0/17
     7 | D        | Noticed a meat berserker
     7 | D        | Noticed a bag of meat
     8 | D        | Noticed a bag of meat
     9 | D        | HP: 3/114 [meat berserker/+9 battleaxe (42)]
    10 | D        | Noticed a bag of meat
    10 | D        | Killed a meat berserker
    10 | D        | Acquired Makhleb's first power
    10 | D        | Reached skill level 20 in Fighting
    10 | D        | Reached skill level 15 in Axes
    10 | D        | Reached XP level 12. HP: 81/133 MP: 0/20
    10 | D        | Reached XP level 13. HP: 84/139 MP: 0/21
    10 | D        | Killed a bag of meat
    10 | D        | Reached skill level 21 in Fighting
    10 | D        | Reached XP level 14. HP: 88/151 MP: 0/23
    10 | D        | Killed a bag of meat
    10 | D        | Acquired Makhleb's second power
    10 | D        | Reached skill level 22 in Fighting
    10 | D        | Killed a bag of meat
    10 | D        | Reached skill level 23 in Fighting
    10 | D        | Reached skill level 15 in Throwing
    10 | D        | Reached skill level 15 in Invocations
    10 | D        | Reached XP level 15. HP: 159/163 MP: 0/25
    11 | D        | Noticed a bag of meat
    11 | D        | Noticed a bag of meat
    11 | D        | Killed a bag of meat
    11 | D        | Acquired Makhleb's third power
    11 | D        | Reached skill level 24 in Fighting
    12 | D        | Noticed a bag of meat
    12 | D        | Noticed a bag of meat
    13 | D        | Killed a bag of meat
    13 | D        | Killed a bag of meat
    13 | D        | Reached skill level 25 in Fighting
    13 | D        | Reached XP level 16. HP: 176/180 MP: 1/27
    14 | D        | Noticed a bag of meat
    15 | D        | Noticed a bag of meat
    15 | D        | Killed a bag of meat
    15 | D        | Acquired Makhleb's fourth power
    15 | D        | Reached skill level 26 in Fighting
    16 | D        | Noticed a bag of meat
    17 | D        | Noticed a bag of meat
    17 | D        | Noticed a meat berserker
    17 | D        | Killed a bag of meat
    17 | D        | Reached skill level 27 in Fighting
    17 | D        | Reached skill level 27 in Armour
    17 | D        | Killed a bag of meat
    17 | D        | Reached XP level 17. HP: 191/191 MP: 2/29
    18 | D        | Noticed a bag of meat
    18 | D        | Killed a bag of meat
    18 | D        | Acquired Makhleb's fifth power
    18 | D        | Reached skill level 27 in Dodging
    19 | D        | Noticed a bag of meat
    19 | D        | Noticed a bag of meat
    19 | D        | Noticed a bag of meat
    20 | D        | Noticed a bag of meat
    20 | D        | Noticed a bag of meat
    20 | D        | Killed a meat berserker
    21 | D        | Noticed a meat berserker
    21 | D        | Killed a bag of meat
    21 | D        | Reached skill level 10 in Stealth
    21 | D        | Reached XP level 18. HP: 200/200 MP: 3/31
    21 | D        | Killed a bag of meat
    22 | D        | Killed a bag of meat
    22 | D        | Reached skill level 10 in Spellcasting
    22 | D        | Killed a bag of meat
    22 | D        | Reached skill level 27 in Axes
    23 | D        | Killed a bag of meat
    23 | D        | Reached skill level 15 in Stealth
    23 | D        | Reached XP level 19. HP: 207/207 MP: 3/34
    24 | D        | Noticed a destroyer
    24 | D        | Noticed a bag of meat
    24 | D        | Noticed a destroyer
    24 | D        | Killed a bag of meat
    25 | D        | Killed a bag of meat
    26 | D        | Noticed a large bag of meat
    26 | D        | Noticed a destroyer
    26 | D        | Noticed a destroyer
    26 | D        | Killed a meat berserker
    26 | D        | Reached skill level 15 in Spellcasting
    26 | D        | Killed a bag of meat
    26 | D        | Reached skill level 27 in Throwing
    27 | D        | Killed a bag of meat
    27 | D        | Reached skill level 27 in Invocations
    27 | D        | Reached XP level 20. HP: 216/216 MP: 3/39
    27 | D        | Killed a bag of meat
    28 | D        | Killed a bag of meat
    29 | D        | Killed a destroyer
    29 | D        | Killed a bag of meat
    29 | D        | Reached XP level 21. HP: 224/224 MP: 4/45
    30 | D        | Noticed a bag of meat
    30 | D        | Killed a destroyer
    30 | D        | Reached skill level 27 in Stealth
    30 | D        | Killed a destroyer
    30 | D        | Reached skill level 27 in Unarmed Combat
    32 | D        | Noticed a bag of meat
    32 | D        | Killed a bag of meat
    32 | D        | Reached skill level 27 in Spellcasting
    32 | D        | Reached XP level 22. HP: 233/233 MP: 5/52
    32 | D        | Killed a bag of meat
    33 | D        | Killed a large bag of meat
    34 | D        | Noticed a meat berserker
    35 | D        | Noticed a large bag of meat
    35 | D        | Noticed a bag of meat
    35 | D        | Killed a destroyer
    36 | D        | Killed a large bag of meat
    37 | D        | Noticed a sculptor of flesh
    37 | D        | Noticed a bag of meat
    38 | D        | Noticed a destroyer
    38 | D        | Noticed a bag of meat
    38 | D        | Noticed a meat berserker
    38 | D        | Noticed a sculptor of flesh
    38 | D        | Noticed a destroyer
    38 | D        | Killed a meat berserker
    38 | D        | Reached XP level 23. HP: 195/240 MP: 6/53
    39 | D        | Noticed a meat berserker
    39 | D        | Noticed a bag of meat
    40 | D        | Noticed a destroyer
    40 | D        | Noticed a bag of meat
    40 | D        | Noticed a bag of meat
    40 | D        | Noticed a destroyer
    40 | D        | Killed a bag of meat
    40 | D        | Killed a destroyer
    41 | D        | Noticed a bag of meat
    41 | D        | Killed a meat berserker
    41 | D        | Killed a destroyer
    41 | D        | Reached XP level 24. HP: 249/249 MP: 7/53
    42 | D        | Noticed a bag of meat
    42 | D        | Noticed a meat berserker
    42 | D        | Noticed a bag of meat
    42 | D        | Noticed a bag of meat
    42 | D        | Noticed a bag of meat
    43 | D        | Noticed a bag of meat
    43 | D        | Noticed a meat berserker
    43 | D        | Killed a destroyer
    43 | D        | Killed a destroyer
    44 | D        | Noticed a bag of meat
    44 | D        | Killed a meat berserker
    44 | D        | Reached XP level 25. HP: 257/257 MP: 8/53
    45 | D        | Noticed a bag of meat
    45 | D        | Noticed a bag of meat
    45 | D        | Noticed a destroyer
    45 | D        | Noticed a destroyer
    45 | D        | Killed a bag of meat
    45 | D        | Killed a bag of meat
    46 | D        | Noticed a bag of meat
    46 | D        | Noticed a bag of meat
    46 | D        | Noticed an accursed
    46 | D        | Killed a bag of meat
    47 | D        | Killed a destroyer
    47 | D        | Killed a sculptor of flesh
    48 | D        | Noticed a bag of meat
    48 | D        | Noticed a sculptor of flesh
    48 | D        | Killed a meat berserker
    48 | D        | Reached XP level 26. HP: 266/266 MP: 9/53
    48 | D        | Killed a bag of meat
    48 | D        | Noticed a tyrant
    48 | D        | Noticed a destroyer
    49 | D        | Noticed a sculptor of flesh
    49 | D        | Killed a meat berserker
    49 | D        | Killed a bag of meat
    50 | D        | Noticed a bag of meat
    50 | D        | Noticed a bag of meat
    50 | D        | Noticed a destroyer
    50 | D        | Killed a bag of meat
    50 | D        | Killed a destroyer
    50 | D        | Killed a sculptor of flesh
    51 | D        | Killed a bag of meat
    52 | D        | Noticed a bag of meat
    52 | D        | Reached XP level 27. HP: 273/273 MP: 10/53
    52 | D        | Killed a bag of meat
    53 | D        | Noticed a bag of meat
    53 | D        | Killed a bag of meat
    53 | D        | Killed a bag of meat
    53 | D        | Killed a destroyer
    54 | D        | Noticed a bag of meat
    54 | D        | Killed a bag of meat
    54 | D        | Killed a bag of meat
    54 | D        | Killed a bag of meat
    55 | D        | Killed a tyrant
    56 | D        | Noticed a sculptor of flesh
    56 | D        | Killed a bag of meat
    57 | D        | Killed a bag of meat
    57 | D        | Killed a sculptor of flesh
    57 | D        | Killed a bag of meat
    58 | D        | Killed a bag of meat
    59 | D        | Noticed a meat berserker
    59 | D        | Killed a bag of meat
    60 | D        | Noticed a meat beast
    60 | D        | Killed a bag of meat
    61 | D        | Killed a bag of meat
    61 | D        | Killed a sculptor of flesh
    61 | D        | Killed a bag of meat
    62 | D        | Noticed a dread
    62 | D        | Killed a bag of meat
    62 | D        | Killed a bag of meat
    62 | D        | Killed a meat berserker
    63 | D        | Noticed a dread
    63 | D        | Noticed a meat berserker
    63 | D        | Killed an accursed
    64 | D        | Killed a meat beast
    64 | D        | Killed a sculptor of flesh
    65 | D        | Noticed a dread
    65 | D        | Noticed a bag of meat
    66 | D        | Noticed a meat berserker
    66 | D        | Noticed a bag of meat
    66 | D        | Noticed a dread
    67 | D        | Noticed a bag of meat
    68 | D        | Noticed a bag of meat
    68 | D        | Noticed a bag of meat
    68 | D        | Killed a meat berserker
    69 | D        | Noticed a meat berserker
    69 | D        | Noticed a tyrant
    69 | D        | Noticed an accursed
    69 | D        | Noticed a tyrant
    70 | D        | Noticed a dread
    70 | D        | Killed a destroyer
    70 | D        | Killed a bag of meat
    70 | D        | Killed a meat berserker
    70 | D        | Noticed a meat beast
    71 | D        | Noticed a meat berserker
    71 | D        | Killed a dread
    73 | D        | Noticed a meat berserker
    73 | D        | Noticed a bag of meat
    73 | D        | Noticed a dread
    73 | D        | Noticed a bag of meat
    73 | D        | Noticed a bag of meat
    74 | D        | Noticed a meat berserker
    74 | D        | Killed a dread
    74 | D        | Killed a bag of meat
    75 | D        | Noticed a bag of meat
    75 | D        | Noticed a bag of meat
    75 | D        | HP: 12/273 [meat beast (4)]
    75 | D        | Noticed a bag of meat
    75 | D        | HP: 4/273 [??? (2)]
    75 | D        | Killed a meat berserker
    76 | D        | Noticed a large bag of meat
    76 | D        | Noticed a bag of meat
    76 | D        | Killed a meat beast
    77 | D        | Noticed a dread
    77 | D        | Noticed an accursed
    77 | D        | Killed a bag of meat
    77 | D        | Killed from afar by an accursed

Vault maps used:
D:        meatsprint

Action                   |  1- 3 |  4- 6 |  7- 9 | 10-12 | 13-15 | 16-18 | 19-21 | 22-24 | 25-27 || total
-------------------------+-------+-------+-------+-------+-------+-------+-------+-------+-------++-------
Melee: Executioner's axe |     1 |       |       |     1 |     2 |     7 |     8 |     8 |    25 ||    52
